 Dungeon Crawl Stone Soup version 0.30-a0-626-gd6a5dd7a1f (webtiles) character file.

Game seed: 9742071089784610258

9583 Caratheodory the Grappler (level 11, -3/79 (80) HPs)
             Began as an Octopode Cinder Acolyte on Jan 11, 2023.
             Was a Believer of Ignis.
             Slain by a cyan ugly thing (11 damage)
             ... on level 10 of the Dungeon.
             The game lasted 00:46:08 (12873 turns).

Caratheodory the Grappler (OpCA)                   Turns: 12873, Time: 00:46:09

HP:   -3/79 (80)    AC:  1    Str: 13    XL:     11   Next: 48%
MP:   0/32          EV: 14    Int: 21    God:    Ignis [**....]
Gold: 820           SH:  6    Dex:  8    Spells: 12/14 levels left

rFire   + . .      SeeInvis +      - Unarmed
rCold   . . .      Faith    .    q - +1 buckler
rNeg    . . .      Spirit   +    (helmet restricted)
rPois   +          Reflect  .    w - amulet of guardian spirit
rElec   .          Harm     .    k - ring of see invisible
rCorr   .          Rampage  .    z - ring of poison resistance
Will    .....                    C - ring of magical power
Stlth   ++                       x - ring of magical power
HPRegen 0.33/turn                M - +4 ring of slaying
MPRegen 0.23/turn                (no ring)
                                 (no ring)
                                 (no ring)

@: lightly drained
A: almost no armour, amphibious, 8 rings, camouflage 1, gelatinous body 1,
(nimble swimmer 1), tentacles, subdued magic 1
a: Renounce Religion, Fiery Armour, Foxfire Swarm


You were on level 10 of the Dungeon.
You worshipped Ignis.
Ignis was pleased with you.
You visited 2 branches of the dungeon, and saw 12 of its levels.
You also visited: Sewer.

You collected 820 gold pieces.

Inventory:

Missiles
 r - 4 boomerangs of dispersal (quivered)
 R - 3 throwing nets
Armour
 q - a +1 buckler (worn)
 t - a +0 kite shield
Jewellery
 k - a ring of see invisible (left tentacle)
 w - an amulet of guardian spirit (around mantle)
 x - a ring of magical power (on tentacle)
 z - a ring of poison resistance (right tentacle)
 C - a ring of magical power (on tentacle)
 M - a +4 ring of slaying (on tentacle)
 S - a ring of fire
Wands
 s - a wand of roots (11)
 I - a wand of mindburst (24)
 L - a wand of polymorph (8)
 N - a wand of paralysis (11)
 O - a wand of flame (19)
Scrolls
 b - 4 scrolls of enchant weapon {unknown}
 e - 2 scrolls of magic mapping {unknown}
 f - a scroll of acquirement {unknown}
 g - 6 scrolls of teleportation
 h - 3 scrolls of enchant armour
 j - 2 scrolls of torment {unknown}
 l - 3 scrolls of immolation {unknown}
 m - 4 scrolls of amnesia {unknown}
 o - a scroll of noise {unknown}
 p - 3 scrolls of fog
 y - 5 scrolls of blinking
 D - 2 scrolls of fear {unknown}
 E - 2 scrolls of brand weapon {unknown}
 H - a scroll of poison {unknown}
 J - a scroll of vulnerability {unknown}
Potions
 a - a potion of ambrosia
 c - 2 potions of haste {unknown}
 d - 3 potions of attraction
 i - 4 potions of cancellation
 n - 4 potions of heal wounds {unknown}
 u - 5 potions of curing
 v - 2 potions of magic {unknown}
 A - 3 potions of mutation {unknown}
 B - a potion of brilliance {unknown}
 F - a potion of flight {unknown}
 G - 2 potions of degeneration {unknown}
 K - 3 potions of might
 P - 2 potions of resistance {unknown}
 Q - 3 potions of invisibility {unknown}


   Skills:
 + Level 9.5 Fighting
 + Level 8.8 Dodging
 + Level 8.5 Shields
 + Level 9.5 Unarmed Combat
 - Level 2.1 Spellcasting
 - Level 3.1 Fire Magic


You had 12 spell levels left.
You knew the following spells:

 Your Spells              Type           Power      Damage    Failure   Level
a - Scorch                Fire           22%        2d6       6%          2

Your spell library contained the following spells:

 Spells                   Type           Power      Damage    Failure   Level
 Kiss of Death            Conj/Necr      4%         2d5       16%         1
 Summon Small Mammal      Summ           4%         N/A       16%         1
 Blink                    Tloc           2%         N/A       22%         2
 Momentum Strike          Conj/Tloc      2%         3d8       22%         2
 Call Canine Familiar     Summ           1%         N/A       43%         3
 Confusing Touch          Hex            1%         N/A       43%         3
 Lesser Beckoning         Tloc           2%         N/A       43%         3
 Summon Guardian Golem    Hex/Summ       1%         N/A       43%         3
 Cause Fear               Hex            0%         N/A       85%         4
 Dispel Undead            Necr           1%         3d6       85%         4
 Dragon Form              Tmut           0%         N/A       100%        7
 Orb of Destruction       Conj           0%         9d5       100%        7
 Spellforged Servitor     Conj/Summ      0%         N/A       100%        7
 Dragon's Call            Summ           0%         N/A       100%        9


Dungeon Overview and Level Annotations

Branches:
Dungeon (11/15)            Temple (1/1) D:6           Sewer (visited)
   Lair: D:8-11         Orc: D:9-12

Altars:
Ashenzari
Cheibriados
Dithmenos
Elyvilon
Fedhas
Gozag
Hepliaklqana
Kikubaaqudgha
Makhleb
Nemelex Xobeh
Okawaru
Qazlal
Ru
Sif Muna
Trog
Uskayaw
Vehumet
Wu Jian
Xom
Yredelemnul
Zin
The Shining One

Shops:
D:6 *   D:10 ([

Annotations:
D:5 1 runed translucent door, Crazy Yiuf


Innate Abilities, Weirdness & Mutations

You cannot wear most types of armour.
You are amphibious.
You can wear up to eight rings at the same time.
Your skin changes colour to match your surroundings (Stealth+).
Your rubbery body absorbs attacks. (AC +1, EV +1)
((You are camouflaged when in or above water. (Stealth+)))
You have tentacles for arms and can constrict up to eight enemies at once.
Your spells are a little easier to cast, but a little less powerful.


Message History

Aiming: Paralyse
Press: ? - help, Q - select action, (/) - cycle Shift-Dir - straight line, f - centaur warrior
Aim: a centaur warrior, wielding a +0 longbow (chance to affect: 31%)
Okay, then.
You release your grip on the cyan ugly thing.
The centaur warrior shoots an arrow.
The arrow hits you!
* * * LOW HITPOINT WARNING * * *
The cyan ugly thing barely misses you.
You climb upwards.
There is a stone staircase leading down here.
It was a potion of curing.
You feel better. The cyan ugly thing closely misses you.
Aiming: Throw Flame
Press: ? - help, Q - select action, (/) - cycle Shift-Dir - straight line, f - cyan ugly thing
Aim: a cyan ugly thing (almost dead, 68% to hit)
Okay, then.
Aiming: Paralyse
Press: ? - help, Q - select action, (/) - cycle Shift-Dir - straight line, f - cyan ugly thing
Aim: a cyan ugly thing (almost dead, chance to affect: 31%)
Okay, then.
Aiming: Mindburst
Press: ? - help, Q - select action, (/) - cycle Shift-Dir - straight line, f - cyan ugly thing
Aim: a cyan ugly thing (almost dead, chance to affect: 47%)
The cyan ugly thing resists with some effort.
The cyan ugly thing gores you.
* * * LOW HITPOINT WARNING * * *
The cyan ugly thing shocks you!
* * * LOW HITPOINT WARNING * * *
Unknown command.
Aiming: Mindburst
Press: ? - help, Q - select action, (/) - cycle Shift-Dir - straight line, f/p - cyan ugly thing
Aim: a cyan ugly thing (almost dead, chance to affect: 47%)
The cyan ugly thing resists with some effort.
The cyan ugly thing barely misses you.
Aiming: Mindburst
Press: ? - help, Q - select action, (/) - cycle Shift-Dir - straight line, f/p - cyan ugly thing
Aim: a cyan ugly thing (almost dead, chance to affect: 47%)
The cyan ugly thing resists with some effort.
The cyan ugly thing gores you!
You die...

#...##.# #..###.#### #....#
#..###.# #..##..######....#
##..#...## #..##.###......#.#
.........### #.....# #......#.#
....#.##...####....###......#.#
.##.#[####.......#.#........#.#
###...# ####........#.<....#.#
##..# #....u#...#########.#
#..# ###.#.##@.#.....#####.#
#..###.....#..######...#...#
##........###[## ###.#...#
###...###.......# #[....#
.....####.####### ###...#
#.........# #...# .....######
#...# ###### #...# #####


You could see a cyan ugly thing.

Vanquished Creatures
  Harold (D:9)
  A two-headed ogre (D:10)
  Nergalle (D:10)
  Pikel (D:6)
  Joseph (D:8)
  A gargoyle (D:10)
  A kobold demonologist (D:10)
  A troll (D:9)
  2 hornets
  A wraith (D:9)
  2 wyverns
  Eustachio (D:5)
  3 steam dragons
  A vampire mosquito (D:5)
  Menkaure (D:6)
  3 water moccasins
  2 ice beasts
  3 black bears
  2 sky beasts (D:7)
  5 orc warriors
  3 ogres
  3 centaurs
  A lemure (D:6)
  A phantom (D:6)
  Blork the orc (D:6)
  2 kobold brigands
  3 scorpions
  A bullfrog (D:7)
  3 necrophages
  4 wights (D:8)
  8 howler monkeys
  9 orc priests
  6 hounds
  A gnoll bouda (D:7)
  A jelly (D:7)
  4 iguanas
  14 orc wizards
  A hell rat (Sewer)
  11 gnolls
  2 river rats (Sewer)
  7 adders
  A shadow imp (D:7)
  5 white imps
  3 ufetubi
  4 worms
  A dart slug (D:1)
  46 orcs
  9 ball pythons
  5 bats
  4 endoplasms
  4 giant cockroaches
  8 goblins
  6 hobgoblins
  4 jackals (D:2)
  A quokka (D:1)
  8 frilled lizards
  16 kobolds
  7 rats
252 creatures vanquished.

Vanquished Creatures (collateral kills)
  A centaur (D:6)
  A phantom (D:6)
  A kobold brigand (D:6)
  An orc priest (D:6)
4 creatures vanquished.

Grand Total: 256 creatures vanquished

Notes
Turn   | Place    | Note
-------+----------+-------------------------------------------
     0 | D:1      | Caratheodory the Octopode Cinder Acolyte began the quest
                  | for the Orb.
     0 | D:1      | Reached XP level 1. HP: 16/16 MP: 2/2
    77 | D:1      | Reached XP level 2. HP: 19/21 MP: 3/3
   432 | D:1      | Reached XP level 3. HP: 23/26 MP: 4/4
   556 | D:1      | Learned a level 2 spell: Scorch
   837 | D:2      | Reached skill level 1 in Dodging
   962 | D:2      | Reached XP level 4. HP: 28/31 MP: 3/6
  1104 | D:2      | Found a faded altar of an unknown god.
  1665 | D:3      | Reached XP level 5. HP: 27/37 MP: 8/8
  2298 | D:4      | Reached skill level 1 in Shields
  2436 | D:4      | Reached XP level 6. HP: 43/43 MP: 9/9
  3452 | D:5      | Entered Level 5 of the Dungeon
  3536 | D:5      | Found a white marble altar of Elyvilon.
  3547 | D:5      | Reached XP level 7. HP: 29/49 MP: 8/10
  3640 | D:5      | Found a glowing drain.
  3656 | Sewer    | Entered a sewer
  3966 | D:5      | Reached skill level 5 in Unarmed Combat
  3973 | D:5      | Reached skill level 5 in Fighting
  4372 | D:5      | Found a runed translucent door.
  4373 | D:5      | Noticed Crazy Yiuf
  4511 | D:5      | Reached XP level 8. HP: 44/55 MP: 11/11
  4745 | D:5      | Noticed Eustachio
  4760 | D:5      | Killed Eustachio
  5189 | D:6      | Found Etzog's Lightly-Used Armoury.
  5796 | D:6      | Noticed Blork the orc
  5806 | D:6      | Killed Blork the orc
  5860 | D:6      | Reached skill level 5 in Dodging
  5983 | D:6      | Found a bloodstained altar of Trog.
  5983 | D:6      | Found an ancient bone altar of Kikubaaqudgha.
  6085 | D:6      | Reached XP level 9. HP: 44/63 MP: 12/12
  6206 | D:6      | Noticed Menkaure
  6229 | D:6      | Killed Menkaure
  6230 | D:6      | Reached skill level 5 in Shields
  6708 | D:6      | Noticed Pikel
  6724 | D:6      | Killed Pikel
  7247 | D:6      | Found a staircase to the Ecumenical Temple.
  7354 | D:6      | Reached XP level 10. HP: 67/71 MP: 10/13
  7588 | Temple   | Entered the Ecumenical Temple
  8675 | D:8      | Noticed Joseph
  8714 | D:8      | Killed Joseph
  8732 | D:7      | HP: 3/64 [poisoned by a water moccasin]
  8735 | D:7      | HP: 1/64 [poisoned by a water moccasin]
 10106 | D:9      | Noticed Harold
 10118 | D:9      | Killed Harold
 10119 | D:9      | Reached XP level 11. HP: 13/78 MP: 5/14
 10133 | D:9      | Found the +4 dagger "Morg" {pain, Will+ Int+5}
 11652 | D:10     | Entered Level 10 of the Dungeon
 11800 | D:10     | Found Biobecle's Weapon Boutique.
 11820 | D:10     | Noticed a two-headed ogre
 11997 | D:10     | Killed a two-headed ogre
 12160 | D:10     | Gained mutation: Your spells are a little easier to cast,
                  | but a little less powerful. [a neqoxec]
 12343 | D:10     | Noticed Nergalle
 12641 | D:10     | Killed Nergalle
 12781 | D:10     | Found Xeluwna's Antique Armour Boutique.
 12852 | D:11     | Noticed a cyan ugly thing
 12866 | D:11     | Noticed a centaur warrior
 12873 | D:10     | Slain by a cyan ugly thing

Illustrated notes

Levels and vault maps discovered:
D:1:      noname_arrival_rooms_in_the_neighbourhood, layout_loops_cross,
          fountainhead, minmay_indecisive_spiral
D:2:      layout_rooms, chequers_ecumenical_altar_island
D:3:      layout_loops_ring
D:4:      layout_basic
D:5:      layout_basic, elyvilon_altar_5, cheibrodos_sewer_entry_sluice,
          uniq_crazy_yiuf_cottage, uniq_eustachio
D:6:      hangedman_cross_stitches, layout_loops_ring, jmf_multi_god_temple,
          minmay_temple_entry_statues_pillars, minmay_shop_damaged,
          st_stairs_14, amethyst_killhole, uniq_menkaure, uniq_blork_the_orc,
          uniq_pikel
D:7:      layout_gridville
D:8:      layout_gridville, uniq_joseph
D:9:      layout_basic, hangedman_abyss_or_decor_lesser_grid, uniq_harold
D:10:     layout_rooms, serial_shops, nicolae_shop_bloodbath_and_beyond,
          nicolae_lakefront_shop, palyth_stone_intersect, uniq_nergalle
D:11:     kennysheep_windowed_halls, layout_rooms, david_lair_generic,
          uniq_snorg
Temple:   hellmonk_temple_of_storms

Skill      XL: |  1  2  3  4  5  6  7  8  9 10 11 |
---------------+----------------------------------+-----
Dodging        | 1 2 3 5 6 8 |  8.8
Spellcasting   | 2 |  2.1
Unarmed Combat | 4 5 6 7 8 9 |  9.5
Fighting       | 4 5 6 7 8 9 |  9.5
Shields        | 1 2 3 4 6 7 8 |  8.5
Fire Magic     | |  3.1

Action                   |  1- 3 |  4- 6 |  7- 9 | 10-12 || total
-------------------------+-------+-------+-------+-------++-------
Melee: Unarmed           |    89 |   134 |   219 |   318 ||   760
       Constrict         |    24 |    35 |    41 |    56 ||   156
       Tentacles         |    13 |    26 |    47 |    81 ||   167
       Punch             |     3 |     5 |    12 |    19 ||    39
 Cast: Scorch            |     3 |    16 |    27 |    11 ||    57
Invok: Fiery Armour      |       |       |     5 |     2 ||     7
       Rising Flame      |       |       |     1 |       ||     1
Evoke: Wand              |       |       |       |     7 ||     7
  Use: Scroll            |       |       |     1 |     7 ||     8
       Potion            |       |       |       |     3 ||     3
 Stab: Sleeping          |     2 |     1 |     3 |     2 ||     8
       Paralysed         |       |       |       |     7 ||     7
Armor: Skin              |     9 |     7 |    15 |    21 ||    52
Dodge: Dodged            |    41 |    48 |   108 |   147 ||   344
Block: Buckler           |       |       |    24 |    79 ||   103

Table legend: (Time is in decaauts)
 A = Elapsed time spent in this place.
 B = Non-inter-level travel time spent in this place.
 C = Inter-level travel time spent in this place.
 D = Time resting spent in this place.
 E = Time spent auto-exploring this place.
 F = Levels seen in this place.
 G = Mean time per level.
                   A        B        C        D        E       F      G
               +--------+--------+--------+--------+--------+-----+--------+
         Total |  12796 |  12344 |    452 |     58 |   9752 |  13 |  984.3 |
       Dungeon |  12484 |  12039 |    445 |     58 |   9558 |  11 | 1134.9 |
        Temple |     39 |     32 |      7 |      0 |     18 |   1 |   39.0 |
         Sewer |    272 |    272 |      0 |      0 |    176 |   1 |  272.0 |
               +--------+--------+--------+--------+--------+-----+--------+

Top non-repeatable levels by time:
     D:5: 1974 daAuts
     D:6: 1896 daAuts
     D:9: 1648 daAuts
     D:8: 1321 daAuts
     D:7: 1236 daAuts
     D:4: 1194 daAuts
    D:10: 961 daAuts
     D:1: 775 daAuts
     D:2: 748 daAuts
     D:3: 715 daAuts
   Sewer: 272 daAuts
  Temple: 39 daAuts
    D:11: 11 daAuts
